[Event "N1 Reykjavik Open 2014"]
[Site "Reykjavik, Iceland"]
[Date "2014.03.09"]
[Round "7.4"]
[White "Rapport, Richard"]
[Black "Kobalia, Mikhail"]
[Result "1/2-1/2"]
[WhiteElo "2681"]
[BlackElo "2646"]
[ECO "B10"]
[EventDate "2014.??.??"]
[Annotator "peturla"]
[PlyCount "125"]
[TimeControl "5400+1240"]
[WhiteClock "0:15:10"]
[BlackClock "0:09:47"]

1. c4 c6 2. e4 d5 3. cxd5 cxd5 4. exd5 Nf6 5. Bb5+ Nbd7 6. Nf3 g6 7. O-O 
Nxd5 8. Nc3 Nf6 9. Re1 Bg7 10. Qe2 e6 11. d4 O-O 12. Bg5 h6 13. Bh4 Nb6 
14. Rad1 Bd7 15. Bxd7 Qxd7 16. Ne5 Qe8 17. Bxf6 Bxf6 18. Qf3 Qe7 19. Ng4 
Bg7 20. d5 Rad8 21. Qf4 Qd6 22. Qxd6 Rxd6 23. Ne4 Rdd8 24. dxe6 fxe6 25. 
b3 h5 26. Ne3 Nd5 27. Nc4 Nc3 28. Rxd8 Rxd8 29. Nxc3 Bxc3 30. Rc1 Bd4 31. 
a4 Rd5 32. Kf1 b5 33. axb5 Rxb5 34. Nd2 Bb6 35. Rc6 Kf7 36. f3 Ra5 37. Ke2
Ra1 38. f4 Rg1 39. Kf3 Rd1 40. Rc2 Ke7 41. g3 Kf6 42. Ke2 Rg1 43. Kf3 Rd1 
44. h3 Rh1 45. Ne4+ Ke7 46. Ng5 Rf1+ 47. Kg2 Rg1+ 48. Kf3 Rf1+ 49. Ke2 
Rf2+ 50. Kd3 Rxc2 51. Kxc2 e5 52. Kd3 exf4 53. gxf4 Kf6 54. Ke4 Bf2 55. 
Nf3 Bb6 56. Ne5 Bc7 57. Nc6 Bb6 58. Nb4 Ke6 59. Nd3 Kf6 60. Ne5 Bc7 61. 
Nd7+ Ke6 62. Nc5+ Kf6 63. Nd7+ 1/2-1/2

[Event "N1 Reykjavik Open 2014"]
[Site "Reykjavik, Iceland"]
[Date "2014.03.09"]
[Round "7.12"]
[White "Olafsson, Helgi"]
[Black "Norowitz, Yaacov"]
[Result "1-0"]
[WhiteElo "2546"]
[BlackElo "2430"]
[ECO "E33"]
[EventDate "2014.??.??"]
[Annotator "peturla"]
[PlyCount "79"]
[TimeControl "6000+625"]
[WhiteClock "0:39:52"]
[BlackClock "0:07:23"]

1. d4 Nf6 2. c4 e6 3. Nc3 Bb4 4. Qc2 Nc6 5. Nf3 d6 6. a3 Bxc3+ 7. Qxc3 Qe7
8. g3 e5 9. Bg2 Bg4 10. dxe5 dxe5 11. Be3 O-O-O 12. O-O Rhe8 13. Rfe1 Qd7 
14. b4 Nd4 15. Qb2 Bxf3 16. exf3 Qf5 17. Bxd4 exd4 18. Rxe8 Nxe8 19. Rd1 
d3 20. Qc3 Nf6 21. Rd2 c6 22. h4 h6 23. a4 g5 24. hxg5 hxg5 25. a5 g4 26. 
fxg4 Nxg4 27. Bh3 Qe6 28. Rxd3 Rxd3 29. Qxd3 f5 30. Kg2 Kc7 31. Qd4 b6 32.
 Qg7+ Kd6 33. Qd4+ Kc7 34. a6 Ne5 35. Qf4 Kd6 36. Bxf5 Qxc4 37. Qh6+ Ke7 
38. Qg7+ Nf7 39. Bg6 Qd5+ 40. Kg1 1-0